 Dungeon Crawl Stone Soup version 0.31-a0-40-g1d5085d191 (webtiles) character file.

Game seed: 2974144134151411974

2626 dracfodder the Digger (level 9, -2/96 HPs)
             Began as a Demigod Earth Elementalist on May 15, 2023.
             Killed by divine providence
             ... invoked by an orc priest
              (12 damage)
             ... on level 6 of the Dungeon on May 17, 2023.
             The game lasted 00:52:24 (7028 turns).

dracfodder the Digger (Demigod Earth Elementalist)  Turns: 7028, Time: 00:52:25

Health: -2/96      AC:  7    Str:  9    XL:     9   Next: 13%
Magic:  18/23      EV: 12    Int: 29    God:
Gold:   189        SH:  0    Dex: 20    Spells: 12/22 levels left

rFire   . . .        a - +2 falchion (holy)
rCold   . . .        (no shield)
rNeg    . . .        c - +0 leather armour
rPois   .            v - +1 helmet
rElec   .            n - +0 cloak
rCorr   .            r - +0 pair of gloves
SInv    .            (no boots)
Will    +....        h - amulet of regeneration Stlth
                     p - +6 ring of dexterity
HPRegen 1.16/turn    (no ring)
MPRegen 0.18/turn

%: clarity
@: berserking, very quick
A: high MP 1, forlorn, divine attributes, clarity, strong-willed 1, wild magic 1
a: no special abilities


You were on level 6 of the Dungeon.
You visited 1 branch of the dungeon, and saw 6 of its levels.
You also visited: Sewer.

You collected 189 gold pieces.

Inventory:

Hand Weapons
 a - a +2 falchion of holy wrath (weapon)
 b - a +4 quarterstaff of chaos
 e - a +1 dagger
 A - a +2 whip of flaming
Missiles
 s - a throwing net
Armour
 c - a +0 leather armour (worn)
 n - a +0 cloak (worn)
 r - a +0 pair of gloves (worn)
 v - a +1 helmet (worn)
 B - a +1 robe of fire resistance
Jewellery
 h - an amulet of regeneration (around neck)
 p - a +6 ring of dexterity (left hand)
Wands
 i - a wand of digging (4)
Scrolls
 d - a scroll of poison
 f - 2 scrolls of amnesia
 w - 2 scrolls of magic mapping
 y - a scroll of teleportation
 C - a scroll of summoning
Potions
 g - 4 potions of lignification
 k - 2 potions of magic
 m - a potion of flight {unknown}
 o - 4 potions of might
 q - a potion of ambrosia {unknown}
 t - 4 potions of heal wounds {unknown}
 u - a potion of attraction {unknown}
 x - 2 potions of brilliance {unknown}
 z - a potion of haste {unknown}


   Skills:
 + Level 1.0 Fighting
 + Level 1.1 Staves
 + Level 2.4 Armour
 + Level 2.3 Dodging
 + Level 2.9 Stealth
 + Level 7.1 Spellcasting
 + Level 2.4 Conjurations
 + Level 1.6 Transmutations
 + Level 0.4 Air Magic
 + Level 7.4 Earth Magic
 + Level 0.4 Poison Magic


You had 12 spell levels left.
You knew the following spells:

 Your Spells              Type           Power      Damage    Failure   Level
a - Sandblast             Erth           100%       2d20      1%          1
b - Magic Dart            Conj           100%       1d8       4%          1
c - Stone Arrow           Conj/Erth      100%       3d13      4%          3
d - Mephitic Cloud        Conj/Pois/Air  21%        N/A       19%         3
e - Passwall              Tmut/Erth      39%        N/A       3%          2

Your spell library contained the following spells:

 Spells                   Type           Power      Damage    Failure   Level
 Call Imp                 Summ           26%        N/A       16%         2
 Petrify                  Tmut/Erth      47%        N/A       16%         4


Dungeon Overview and Level Annotations

Branches:
Dungeon (6/15)             Temple (0/1) D:6           Sewer (visited)


Innate Abilities, Weirdness & Mutations

You have an increased reservoir of magic. (+10% MP)
You shall have no god before yourself.
Your divine heritage dramatically boosts your attributes as you level up.
You possess an exceptional clarity of mind.
You are strong-willed. (Will+)
Your spells are a little harder to cast, but a little more powerful.


Message History

You hit the orc.
The orc is severely wounded.
You barely miss the orc priest.
The orc priest hits you but does no damage.
The orc hits you with a +0 hand axe.
* * * LOW HITPOINT WARNING * * *
The orc priest looks braver for a moment.
You slash the orc priest!
The orc priest is severely wounded.
The orc priest hits you with a +0 war axe!
* * * LOW HITPOINT WARNING * * *
An orc priest comes into view. It is wielding a +0 dagger.
The orc barely misses you.
The orc wizard mumbles some strange words.
The orc wizard flickers and vanishes!
Deactivating autopickup; reactivate with Ctrl-A.
You closely miss the orc priest.
The orc priest is severely wounded.
The orc priest looks encouraged for a moment.
The orc hits you but does no damage.
You barely miss the orc priest. You punch the orc priest.
You kill the orc priest!
The orc priest calls upon Beogh to heal the orc.
The orc is healed somewhat.
The orc barely misses you.
You hear a shout!
You slash the orc wizard!
The orc wizard is severely wounded.
An orc comes into view. It is wielding a +0 flail.
The white imp shouts, "Embrace thy dedition, thou infectious fool-headed pimple!"
The orc closely misses you.
The orc wizard hits you but does no damage.
You slash the orc wizard!
You kill the orc wizard!
The orc misses you.
You slash the orc priest!
The orc priest is severely wounded.
The orc hits you but does no damage.
The orc priest calls down the wrath of Beogh upon you.
Beogh smites you!
You die...

... #.##.#....[......
#.##.##.#.$......#
#.......#........#
#....#..#........#
#.#.....)......{.#
#.#.........o.oo5# #
#.........###c##
#.........# #o#
#.........# #@#
#.###+#######o####.#
.#+#.###.###...oo.....#
.........##..###o######
.........#..####.########
.........................
...#...##........########
....#.#..#.#.#####
.#..#....#.#.#


You could see a centaur, 2 orc priests, an orc wizard, a white imp and 4 orcs.

Vanquished Creatures
  Pikel (D:5)
  Grinder (D:4)
  Sigmund (D:5)
  Edmund (D:5)
  Duvessa (D:4)
  A black bear (D:4)
  2 ogres (D:5)
  A lemure (D:5)
  Blork the orc (D:5)
  2 bullfrogs (D:6)
  A kobold brigand (Sewer)
  A scorpion (D:6)
  Dowan (D:4)
  5 hounds
  Crazy Yiuf (D:2)
  A jelly (D:5)
  2 orc priests
  A sleepcap (D:3)
  An iguana (D:5)
  An orc wizard (D:6)
  Natasha (thrice) (D:4)
  Robin (D:4)
  9 gnolls
  13 adders
  9 river rats
  3 ufetubi (D:5)
  2 worms
  A dart slug (D:4)
  11 orcs
  9 ball pythons
  6 endoplasms
  A giant cockroach (D:3)
  13 goblins
  6 hobgoblins
  5 jackals
  19 kobolds
  8 quokkas
  13 bats
  11 frilled lizards
  26 rats
196 creatures vanquished.

Vanquished Creatures (collateral kills)
  A centaur (D:6)
  An orc (D:6)
2 creatures vanquished.

Grand Total: 198 creatures vanquished

Notes
Turn   | Place    | Note
-------+----------+-------------------------------------------
     0 | D:1      | dracfodder the Demigod Earth Elementalist began the quest
                  | for the Orb.
     0 | D:1      | Reached XP level 1. HP: 14/14 MP: 5/5
   299 | D:1      | Learned a level 1 spell: Magic Dart
   675 | D:2      | Reached XP level 2. HP: 14/20 MP: 4/7
   978 | D:2      | Reached XP level 3. HP: 26/26 MP: 1/8
  2010 | D:2      | Found a runed translucent door.
  2011 | D:2      | Noticed Crazy Yiuf
  2017 | D:2      | Killed Crazy Yiuf
  2018 | D:2      | Reached XP level 4. HP: 33/33 MP: 6/11
  2171 | D:3      | Reached skill level 1 in Armour
  2481 | D:3      | Reached XP level 5. HP: 17/38 MP: 7/12
  2540 | D:3      | Gained mutation: You are strong-willed. (Will+) [potion of
                  | mutation]
  2540 | D:3      | Gained mutation: You do not regenerate when monsters are
                  | visible. [potion of mutation]
  2540 | D:3      | Gained mutation: You have a pair of small antennae on your
                  | head. [potion of mutation]
  2541 | D:3      | Lost mutation: You have a pair of small antennae on your
                  | head. [potion of mutation]
  2541 | D:3      | Lost mutation: You do not regenerate when monsters are
                  | visible. [potion of mutation]
  2541 | D:3      | Gained mutation: You possess an exceptional clarity of
                  | mind. [potion of mutation]
  2541 | D:3      | Gained mutation: Your spells are a little harder to cast,
                  | but a little more powerful. [potion of mutation]
  2689 | D:3      | Learned a level 3 spell: Stone Arrow
  2994 | D:4      | Noticed Duvessa
  2995 | D:4      | Noticed Dowan
  2998 | D:4      | Killed Duvessa
  3001 | D:4      | Killed Dowan
  3002 | D:4      | Reached XP level 6. HP: 30/45 MP: 7/14
  3151 | D:4      | Noticed Natasha
  3153 | D:4      | Killed Natasha
  3184 | D:4      | Noticed Robin
  3194 | D:4      | Killed Robin
  3406 | D:4      | Upgraded the game from 0.31-a0-37-g98a128e1d9 to
                  | 0.31-a0-40-g1d5085d191
  3442 | D:4      | Noticed Natasha
  3451 | D:4      | Killed Natasha
  3545 | D:4      | Reached skill level 5 in Earth Magic
  3616 | D:4      | Noticed Natasha
  3625 | D:4      | Killed Natasha
  3688 | D:4      | Learned a level 3 spell: Mephitic Cloud
  4075 | D:4      | Noticed Grinder
  4082 | D:4      | Paralysed by Grinder for 4 turns
  4090 | D:4      | Killed Grinder
  4091 | D:4      | Reached skill level 1 in Conjurations
  4091 | D:4      | Reached XP level 7. HP: 44/51 MP: 3/17
  4346 | D:5      | Entered Level 5 of the Dungeon
  4377 | D:5      | Reached skill level 5 in Spellcasting
  4380 | D:5      | Reached skill level 1 in Staves
  4380 | D:5      | Noticed Sigmund
  4387 | D:5      | Killed Sigmund
  4412 | D:5      | Found a glowing drain.
  4423 | Sewer    | Entered a sewer
  4724 | Sewer    | Reached XP level 8. HP: 58/58 MP: 14/19
  5764 | D:5      | Noticed Blork the orc
  5767 | D:5      | Noticed Edmund
  5769 | D:5      | Killed Blork the orc
  5775 | D:5      | Killed Edmund
  6260 | D:5      | Noticed Pikel
  6267 | D:5      | Killed Pikel
  6291 | D:5      | Learned a level 2 spell: Passwall
  6947 | D:6      | Found a staircase to the Ecumenical Temple.
  6974 | D:6      | Reached skill level 1 in Transmutations
  7008 | D:6      | Reached XP level 9. HP: 21/63 MP: 20/23
  7010 | D:6      | HP: 3/63 [poisoned by a scorpion]
  7019 | D:6      | Reached skill level 1 in Fighting
  7028 | D:6      | Killed from afar by an orc priest

Illustrated notes

Levels and vault maps discovered:
D:1:      enne_arrival_octagon_isle, layout_rooms, st_stairs_1,
          minmay_strange_pillars, corexii_item_surrounded_by_moat
D:2:      layout_basic, uniq_crazy_yiuf_cottage
D:3:      layout_rooms, ashenzari_conservatory_becter,
          shapermc_ecumenical_altar_venn
D:4:      layout_cave_pools, lemuel_doored_altar, corexii_shack,
          minmay_ruptured, uniq_robin, uniq_duvessa, uniq_natasha, uniq_grinder
D:5:      layout_rooms, old_standard_altar, cheibrodos_sewer_entry_sluice,
          serial_aquarium, aquarium_bridge_island_small
          [aquarium_subvault_small_open, aquarium_subvault_wall,
          aquarium_subvault_wall, aquarium_subvault_wall,
          aquarium_subvault_bridge], aquarium_window_fake, aquarium_window_1,
          aquarium_window_2, aquarium_window_corner, aquarium_view_2b,
          aquarium_view_2e, aquarium_balcony_5b, uniq_pikel, uniq_sigmund,
          uniq_edmund, uniq_blork_the_orc
D:6:      layout_basic, minmay_temple_entry_mini_moons, nicolae_shop_fire_sale
          [nicolae_sub_dead_trees]

Skill      XL: |  1  2  3  4  5  6  7  8  9 |
---------------+----------------------------+-----
Earth Magic    | 3 4 5 6 7 |  7.4
Spellcasting   | 2 3 4 5 6 7 |  7.1
Armour         | 1 2 |  2.4
Stealth        | 2 |  2.9
Dodging        | 2 |  2.3
Conjurations   | 1 2 |  2.4
Staves         | 1 |  1.1
Transmutations | 1 |  1.6
Fighting       | 1 |  1.0
Air Magic      | |  0.4
Poison Magic   | |  0.4

Action                     |  1- 3 |  4- 6 |  7- 9 || total
---------------------------+-------+-------+-------++-------
  Melee: Quarterstaff      |       |    10 |    14 ||    24
         Falchion          |       |       |    12 ||    12
         Punch             |       |       |     1 ||     1
   Cast: Sandblast         |    47 |    80 |   114 ||   241
         Magic Dart        |    16 |    29 |    62 ||   107
         Stone Arrow       |       |     6 |     6 ||    12
         Passwall          |       |       |    12 ||    12
         Mephitic Cloud    |       |       |     1 ||     1
    Use: Scroll            |     6 |     2 |     8 ||    16
         Potion            |       |     2 |     5 ||     7
 Armour: Leather armour    |       |    17 |    44 ||    61
  Dodge: Dodged            |     3 |    28 |    65 ||    96

Table legend: (Time is in decaauts)
 A = Elapsed time spent in this place.
 B = Non-inter-level travel time spent in this place.
 C = Inter-level travel time spent in this place.
 D = Time resting spent in this place.
 E = Time spent auto-exploring this place.
 F = Levels seen in this place.
 G = Mean time per level.
                   A        B        C        D        E       F      G
               +--------+--------+--------+--------+--------+-----+--------+
         Total |   7169 |   6990 |    179 |   2201 |   3357 |   7 | 1024.1 |
       Dungeon |   6040 |   5861 |    179 |   1659 |   3064 |   6 | 1006.7 |
         Sewer |   1129 |   1129 |      0 |    541 |    293 |   1 | 1129.0 |
               +--------+--------+--------+--------+--------+-----+--------+

Top non-repeatable levels by time:
     D:5: 1502 daAuts
     D:2: 1434 daAuts
     D:4: 1414 daAuts
   Sewer: 1129 daAuts
     D:3: 906 daAuts
     D:1: 677 daAuts
     D:6: 104 daAuts
